 Dungeon Crawl Stone Soup version 0.25.0-41-g26779e291d (console) character file.

Game seed: 984879025966125329

129 Kagalorn the Sneak (level 5, -1/28 HPs)
             Began as an Octopode Wizard on July 10, 2020.
             Slain by Terence
             ... wielding a +0 trident
              (5 damage)
             ... on level 3 of the Dungeon.
             The game lasted 00:07:00 (3414 turns).

Kagalorn the Sneak (Octopode Wizard)                Turns: 3414, Time: 00:07:01

Health: -1/28      AC:  2    Str:  6    XL:     5   Next: 12%
Magic:  1/10       EV: 13    Int: 22    God:
Gold:   149        SH:  0    Dex: 10    Spells: 5/11 levels left

rFire    . . .     SeeInvis .   a - +2 war axe (vorpal)
rCold    . . .     Gourm    .   (no shield)
rNeg     . . .     Faith    .   s - +0 hat
rPois    .         Spirit   .   (no amulet)
rElec    .         Reflect  .   p - ring of protection from magic
rCorr    .         Harm     .   (no ring)
MR       +....                  (no ring)
Stlth    +++.......             (no ring)
HPRegen  0.49/turn              (no ring)
MPRegen  0.12/turn              (no ring)
                                (no ring)
                                (no ring)

@: mighty, stab
A: almost no armour, stealthy swim, amphibious, 8 rings, constrict 8, antennae
1, rugged brown scales 1, camouflage 1, frail 1, regeneration 1, gelatinous body
1
a: no special abilities


You were on level 3 of the Dungeon.
You were not hungry.

You visited 1 branch of the dungeon, and saw 3 of its levels.

You collected 149 gold pieces.

Inventory:

Hand Weapons
 a - a +2 vorpal war axe (weapon)
 e - a +0 spear
Missiles
 b - 44 stones
 f - 8 javelins
 g - 63 sling bullets
 h - 29 bolts
 r - 12 poisoned darts (quivered)
Armour
 s - a +0 hat (worn)
Jewellery
 p - a ring of protection from magic (left tentacle)
Scrolls
 d - a scroll of teleportation {unknown}
 i - 2 scrolls of amnesia {unknown}
 k - a scroll of immolation {unknown}
 m - a scroll of magic mapping {unknown}
 n - 6 scrolls of identify {unknown}
 o - a scroll of remove curse {unknown}
 q - a scroll of enchant weapon {unknown}
Comestibles
 c - 6 rations
 v - a chunk of flesh


   Skills:
 - Level 2.0 Dodging
 + Level 4.4 Stealth
 + Level 3.7 Spellcasting
 - Level 2.0 Conjurations
   Level 1.0 Summonings
 - Level 2.0 Translocations
 + Level 1.5 Fire Magic


You had 5 spell levels left.
You knew the following spells:

 Your Spells              Type           Power        Failure   Level  Hunger
a - Magic Dart            Conj           ##..         4%          1    None
b - Conjure Flame         Conj/Fire      ##......     17%         3    ###....
h - Blink                 Tloc           N/A          8%          2    #......

Your spell library contained the following spells:

 Spells                   Type           Power        Failure   Level  Hunger
 Call Imp                 Summ           #.......     12%         2    #......
 Slow                     Hex            #.......     17%         2    #......
 Mephitic Cloud           Conj/Pois/Air  #.......     26%         3    ###....


Dungeon Overview and Level Annotations

Branches:
Dungeon (3/15)

Altars:
Trog

Annotations:
D:3 Terence


Innate Abilities, Weirdness & Mutations

You cannot wear most types of armour.
You are very stealthy in the water. (Stealth+)
You are amphibious.
You can wear up to eight rings at the same time.
You can use your tentacles to constrict eight enemies at once.
Your skin changes colour to match your surroundings (Stealth+).
Your rubbery body absorbs attacks. (AC +1, EV +1)
You have a pair of small antennae on your head.
You are partially covered in rugged brown scales. (AC +1, +3% HP)
You are frail. (-10% HP)
Your natural rate of healing is unusually fast.


Message History

* * * LOW HITPOINT WARNING * * *
You feel sick. The worker ant bites you.
* * * LOW HITPOINT WARNING * * *
It was a potion of mutation.
You feel extremely strange.
Rugged brown scales grow over part of your body.
You feel frail. A pair of antennae grows on your head!
You begin to heal more quickly.
The worker ant closely misses you. Terence closely misses you.
It was a potion of curing.
You feel better. The worker ant bites you. Terence barely misses you.
Press: ? - help, v - describe, . - travel
Here: a worker ant (moderately wounded)
The floor, spattered with blood.
The worker ant bites you.
* * * LOW HITPOINT WARNING * * *
It was a potion of stabbing.
You feel ready to backstab. The worker ant closely misses you.
Terence hits you from afar with a +0 trident.
You die...

#.# #############
###'########
#..........#
#..........# #
#..........# #.
#..........# #..
###'######## #... #.#
..... #@#
......######a########
......'.l).@...รท....#
......######.######.#
..... #......#.# ....
#..###.#.# .##
#..###.#.# #........#
#.####.#.#


You could see Terence and a worker ant.

Vanquished Creatures
  Robin (D:1)
  2 adders (D:2)
  An ooze (D:1)
  A worm (D:2)
  2 dart slugs (D:2)
  3 leopard geckos
  3 orcs (D:3)
  8 bats
  4 giant cockroaches
  19 goblins
  9 hobgoblins
  6 jackals (D:2)
  2 kobolds
  2 ball pythons
  4 frilled lizards
  A jackal skeleton (D:3)
  8 rats
76 creatures vanquished.

Notes
Turn   | Place    | Note
-------+----------+-------------------------------------------
     0 | D:1      | Kagalorn the Octopode Wizard began the quest for the Orb.
     0 | D:1      | Reached XP level 1. HP: 11/11 MP: 4/4
    64 | D:1      | Reached skill level 3 in Stealth
   149 | D:1      | Reached XP level 2. HP: 17/17 MP: 4/6
   646 | D:1      | Reached XP level 3. HP: 21/21 MP: 4/7
   843 | D:1      | Learned a level 2 spell: Blink
   847 | D:1      | Learned a level 3 spell: Conjure Flame
  1258 | D:2      | Found a bloodstained altar of Trog.
  1523 | D:2      | Noticed Robin
  1621 | D:1      | Killed Robin
  1621 | D:1      | Reached skill level 4 in Stealth
  1621 | D:1      | Reached XP level 4. HP: 21/27 MP: 0/9
  1936 | D:2      | Reached skill level 1 in Fire Magic
  2983 | D:3      | Reached XP level 5. HP: 31/31 MP: 8/10
  3399 | D:3      | Noticed Terence
  3410 | D:3      | Gained mutation: You are partially covered in rugged brown
                  | scales. (AC +1, +3% HP) [potion of mutation]
  3410 | D:3      | Gained mutation: You are frail. (-10% HP) [potion of
                  | mutation]
  3410 | D:3      | Gained mutation: You have a pair of small antennae on your
                  | head. [potion of mutation]
  3410 | D:3      | Gained mutation: Your natural rate of healing is unusually
                  | fast. [potion of mutation]
  3414 | D:3      | Slain by Terence

Illustrated notes

Levels and vault maps discovered:
D:1:      minmay_arrival_four_houses, layout_loops_cross, minmay_octomino_e4
D:2:      layout_basic, trog_three_pillars_becter, uniq_robin
D:3:      layout_basic, uniq_terence

Skill      XL: |  1  2  3  4  5 |
---------------+----------------+-----
Stealth        | 3 4 |  4.4
Conjurations   | 2 |  2.0
Fire Magic     | 1 |  1.5
Translocations | 2 |  2.0
Dodging        | |  2.0
Spellcasting   | |  3.7
Summonings     | |  1.0

Action                   |  1- 3 |  4- 6 || total
-------------------------+-------+-------++-------
Melee: Spear             |    22 |    17 ||    39
       Constrict         |     4 |     4 ||     8
       Tentacles         |       |     2 ||     2
Throw: Stone             |     1 |       ||     1
 Cast: Magic Dart        |    86 |   104 ||   190
  Use: Potion            |       |     4 ||     4
  Eat: Chunk             |     2 |     5 ||     7
Armor: Skin              |     2 |     1 ||     3
Dodge: Dodged            |    39 |    41 ||    80
